 Dungeon Crawl Stone Soup version bcrawl-1.21 (webtiles) character file.

Game seed: 10291109027460980536

16373 Foic the Grappler (level 12, -1/111 HPs)
             Began as a Troll Martial Artist on Feb 16, 2020.
             Was a High Priest of Wu Jian.
             Slain by a nine-headed hydra (7 damage)
             ... on level 2 of the Lair of Beasts.
             The game lasted 00:34:13 (8770 turns).

Foic the Grappler (Troll Martial Artist)            Turns: 8770, Time: 00:34:14

Health: -1/111     AC: 10    Str: 24    XL:     12   Next: 9%
Magic:  14/15      EV: 13    Int: 12    God:    Wu Jian [*****.]
Gold:   659        SH:  0    Dex: 13    Spells: 15/17 levels left

rFire    . . .     SeeInvis .     - Unarmed
rCold    . . .     Gourm    +   (no shield)
rNeg     . . .     Faith    .   (armour unavailable)
rPois    .         Spirit   .   A - +1 hat {Int+3}
rElec    .         Reflect  .   (no cloak)
rCorr    .         Harm     .   (gloves unavailable)
MR       .....                  (boots unavailable)
Stlth    +.........             (no amulet)
HPRegen  1.08/turn              i - +3 ring of intelligence
MPRegen  0.14/turn              v - ring of wizardry

@: confusing touch, glowing
A: large, almost no armour, unfitting armour, claws 3, horns 1, clumsy 1, fast
metabolism 3, gourmand, regeneration 2, AC +9
a: Wall Jump, Serpent's Lash, Heavenly Storm, Renounce Religion


You were on level 2 of the Lair of Beasts.
You worshipped Wu Jian.
Wu Jian was extremely pleased with you.
You were full.

You visited 2 branches of the dungeon, and saw 10 of its levels.
You also visited: Ossuary.

You collected 659 gold pieces.

Inventory:

Hand Weapons
 b - the +1 spear of Discomfort {pierce, Int+3}
   (You found it on level 7 of the Dungeon)

   It inflicts extra damage upon your enemies.
   It affects your intelligence (+3).
 D - a +2 quarterstaff of protection
 G - the +1 spear "Rotaxuhi" {pierce, -Tele rElec rN+++ Str+9}
   (You found it on level 1 of the Lair of Beasts)

   It inflicts extra damage upon your enemies.
   It affects your strength (+9).
   It insulates you from electricity.
   It renders you almost immune to negative energy.
   It prevents most forms of teleportation.
Missiles
 c - 1586 stones (quivered)
 p - 14 needles of confusion
 q - 484 poisoned needles
 F - 114 tomahawks
 J - 160 javelins
Armour
 A - a +1 hat of intelligence (worn)
 C - a +2 robe of magic resistance
Jewellery
 i - a +3 ring of intelligence (left claw)
 v - a ring of wizardry (right claw)
Wands
 j - a wand of flame (29)
 l - a wand of iceblast (7)
 x - a wand of clouds (2)
 B - a wand of paralysis (11)
Scrolls
 d - 2 scrolls of enchant weapon
 f - 13 scrolls of identify
 g - 2 scrolls of amnesia
 m - 2 scrolls of magic mapping
 n - 2 scrolls of enchant armour
 o - a scroll of immolation
 r - a scroll of summoning {unknown}
 u - 2 scrolls of fear
 w - 5 scrolls of remove curse
 y - 8 scrolls of teleportation {unknown}
Potions
 a - 2 potions of agility
 h - a potion of cancellation
 k - 2 potions of haste
 s - a potion of brilliance
 t - a potion of curing
 z - 2 potions of heal wounds
 E - a potion of degeneration
 H - a potion of berserk rage
 I - a potion of flight
Comestibles
 e - 13 rations {!d}


   Skills:
 + Level 5.1 Fighting
 + Level 7.1 Dodging
 + Level 4.5 Stealth
 + Level 14.9 Unarmed Combat
 + Level 3.0 Spellcasting
 + Level 3.1 Hexes


You had 15 spell levels left.
You knew the following spells:

 Your Spells              Type           Power        Failure   Level  Hunger
a - Confusing Touch       Hex            #.......     2%          1    #......
b - Slow                  Hex            #.......     2%          1    #......

Your spell library contained the following spells:

 Spells                   Type           Power        Failure   Level  Hunger
 Apportation              Tloc           #.....       10%         1    #......
 Infusion                 Chrm           #.......     10%         1    #......
 Sandblast                Erth           #.....       10%         1    #......
 Summon Butterflies       Summ           #.......     10%         1    #......


Dungeon Overview and Level Annotations

Branches:
Dungeon (8/12)             Temple (0/1) D:5            Lair (2/6) D:8
  Swamp: Lair:2-4    Shoals: Lair:2-4     Snake: Lair:2-4    Spider: Lair:2-4
    Orc: D:8-11

Altars:
Dithmenos
Elyvilon
Kikubaaqudgha
Nemelex Xobeh
Okawaru
Qazlal
Ru
Sif Muna
Uskayaw
Xom
Yredelemnul

Annotations:
D:5 1 runed translucent door, dorpapst's ghost, novice HOFi


Innate Abilities, Weirdness & Mutations

You cannot wear most types of armour.
Your thick skin is tough. (AC +9)
You are too large for most types of armour.
You have claws for hands.
Your metabolism is lightning-fast.
You like to eat raw meat.
You heal very quickly.
You have a pair of small horns on your head.
You are clumsy. (Dex -2)


Message History

You claw the eight-headed hydra, but do no damage.
The eight-headed hydra is lightly wounded.
The eight-headed hydra bites you but does no damage.
The eight-headed hydra bites you. x2; The eight-headed hydra bites you! x2
* * * LOW HITPOINT WARNING * * *
The eight-headed hydra bites you!
* * * LOW HITPOINT WARNING * * *
The eight-headed hydra bites you!
* * * LOW HITPOINT WARNING * * *
The eight-headed hydra misses you.
You tear one of the eight-headed hydra's heads off!
The seven-headed hydra grows two more!
You claw the nine-headed hydra!
The nine-headed hydra is lightly wounded.
The nine-headed hydra bites you.
* * * LOW HITPOINT WARNING * * *
The nine-headed hydra misses you. The nine-headed hydra bites you.
* * * LOW HITPOINT WARNING * * *
The nine-headed hydra closely misses you.
The nine-headed hydra bites you!
You die...

(.......# #...............#
.......P# ### ###............##
......#####.## ##.............###
.....## #...###P...........##...
....######.....##P...............
....###...................P##....
...###P....รท.....P....##.###P....
....#..............####### ##....
#...P..........D@.<## #....
##...)..)...........## #....
#.#..................# #....
###.............(...## ##...
###.................# #...
#P#................## ####...
...............>..## ###.###..
..................# ####........
..#..............## #.#......P..


You could see a nine-headed hydra.

Vanquished Creatures
  Gastronok (Lair:1)
  A two-headed ogre (D:8)
  Nergalle (Lair:2)
  An unseen horror (D:8)
  A cane toad (Lair:1)
  A rime drake (Lair:2)
  Prince Ribbit (Lair:1)
  A troll (D:7)
  2 hippogriffs
  8 blink frogs (Lair:1)
  2 slime creatures
  13 yaks (Lair:1)
  2 hungry ghosts
  Grum (Lair:1)
  3 basilisks
  4 crocodiles
  4 water moccasins
  14 porcupines
  An orc warrior (D:7)
  A sky beast (D:5)
  2 black bears (D:8)
  3 phantoms
  An ogre (D:5)
  An ogre (shapeshifter) (D:6)
  A necrophage (D:5)
  A centaur (D:6)
  7 wolves
  3 bullfrogs
  A big kobold (D:6)
  3 elf zombies (Ossuary)
  3 killer bees (D:8)
  5 wights (D:6)
  4 hounds
  5 human zombies (Ossuary)
  7 orc wizards
  5 centaur zombies
  A centaur skeleton (D:5)
  6 orc priests
  Terence (D:2)
  2 iguanas
  6 worker ants
  3 mummies (Ossuary)
  Robin (D:3)
  4 adders
  3 shadow imps
  An ooze (D:1)
  An adder zombie (D:5)
  3 worms (D:2)
  A dart slug (D:1)
  4 leopard geckos
  20 orcs
  2 giant cockroaches
  13 goblins
  6 hobgoblins
  2 jackals
  3 quokkas
  6 bats
  A frilled lizard (D:1)
  A hobgoblin zombie (D:7)
  9 kobolds
  2 quokka skeletons (D:4)
  4 rats
  A rat zombie (D:7)
  A plant (D:4)
223 creatures vanquished.

Vanquished Creatures (others)
  2 fungi
  2 plants
4 creatures vanquished.

Grand Total: 227 creatures vanquished

Notes
Turn   | Place    | Note
-------+----------+-------------------------------------------
     0 | D:1      | Foic the Troll Martial Artist began the quest for the Orb.
     0 | D:1      | Reached XP level 1. HP: 22/22 MP: 1/1
    52 | D:1      | Reached XP level 2. HP: 28/29 MP: 2/2
   755 | D:2      | Reached XP level 3. HP: 34/36 MP: 3/3
   801 | D:2      | Noticed Terence
   816 | D:2      | Killed Terence
  1071 | D:2      | Reached skill level 5 in Unarmed Combat
  1256 | D:2      | Gained mutation: Your natural rate of healing is unusually
                  | fast. [Troll growth]
  1256 | D:2      | Reached XP level 4. HP: 44/44 MP: 4/4
  1443 | D:2      | Reached ** piety under Wu Jian
  1953 | D:3      | Found an ancient bone altar of Kikubaaqudgha.
  1956 | D:3      | Found a transporter.
  1972 | D:3      | Found a transporter.
  2049 | D:3      | Noticed Robin
  2069 | D:3      | Killed Robin
  2240 | D:2      | Reached XP level 5. HP: 50/52 MP: 5/5
  2423 | D:4      | Noticed a hungry ghost
  2442 | D:4      | Killed a hungry ghost
  2442 | D:4      | Reached skill level 6 in Unarmed Combat
  2442 | D:4      | Reached XP level 6. HP: 42/59 MP: 6/6
  2829 | D:4      | Reached skill level 1 in Stealth
  2872 | D:5      | Entered Level 5 of the Dungeon
  2894 | D:5      | Noticed a hungry ghost
  2904 | D:5      | Killed a hungry ghost
  2904 | D:5      | Reached skill level 7 in Unarmed Combat
  2904 | D:5      | Reached XP level 7. HP: 67/67 MP: 5/7
  3100 | D:5      | Reached skill level 8 in Unarmed Combat
  3259 | D:5      | Found a runed translucent door.
  3260 | D:5      | Noticed a tengu conjurer
  3260 | D:5      | Noticed dorpapst's ghost (novice HOFi)
  3270 | D:5      | Reached *** piety under Wu Jian
  3270 | D:5      | Reached XP level 8. HP: 71/74 MP: 9/9
  3414 | D:5      | Found a stormy altar of Qazlal.
  3417 | D:5      | Noticed an air elemental
  3479 | D:5      | Found a staircase to the Ecumenical Temple.
  3781 | D:6      | Reached skill level 9 in Unarmed Combat
  3840 | D:6      | Learned a level 1 spell: Slow
  3848 | D:6      | Found a shimmering altar of Xom.
  3848 | D:6      | Found a sparkling altar of Nemelex Xobeh.
  3849 | D:6      | Found a sacrificial altar of Ru.
  3850 | D:6      | Found a shadowy altar of Dithmenos.
  3850 | D:6      | Found an iron altar of Okawaru.
  3966 | D:6      | Gained mutation: You are clumsy. (Dex -2) [potion of
                  | mutation]
  3966 | D:6      | Gained mutation: You have a pair of small horns on your
                  | head. [potion of mutation]
  3975 | D:6      | Noticed a hippogriff
  3998 | D:6      | Killed a hippogriff
  4012 | D:6      | Reached XP level 9. HP: 70/82 MP: 10/10
  4369 | D:7      | Found a sand-covered staircase.
  4382 | D:7      | Got a slimy spear
  4387 | D:7      | Identified the cursed +1 spear of Discomfort {pierce,
                  | Int+3} (You found it on level 7 of the Dungeon)
  4389 | Ossuary  | Entered an ossuary
  4420 | Ossuary  | Reached skill level 10 in Unarmed Combat
  4458 | Ossuary  | Reached **** piety under Wu Jian
  4715 | D:7      | Found a shimmering blue altar of Sif Muna.
  5103 | D:7      | Reached skill level 5 in Dodging
  5135 | D:7      | Noticed a troll
  5139 | D:7      | Killed a troll
  5139 | D:7      | Reached skill level 11 in Unarmed Combat
  5570 | D:8      | Found a hide-covered altar of Uskayaw.
  5586 | D:8      | Found a basalt altar of Yredelemnul.
  5622 | D:8      | Noticed a two-headed ogre
  5631 | D:8      | Killed a two-headed ogre
  5631 | D:8      | Reached XP level 10. HP: 26/91 MP: 10/12
  5694 | D:8      | Noticed an unseen horror
  5698 | D:8      | Killed an unseen horror
  5698 | D:8      | Reached skill level 12 in Unarmed Combat
  5819 | D:8      | Found a staircase to the Lair.
  5871 | D:8      | HP: 3/92 [porcupine's spines (14)]
  5872 | D:8      | HP: 1/92 [porcupine's spines (3)]
  6568 | D:8      | Found a white marble altar of Elyvilon.
  6895 | Lair:1   | Entered Level 1 of the Lair of Beasts
  6896 | Lair:1   | Noticed Gastronok
  6906 | Lair:1   | Killed Gastronok
  6906 | Lair:1   | Reached skill level 13 in Unarmed Combat
  6906 | Lair:1   | Reached XP level 11. HP: 57/101 MP: 13/13
  6919 | Lair:1   | Got a polished spear
  6921 | Lair:1   | Identified the +1 spear "Rotaxuhi" {pierce, -Tele rElec
                  | rN+++ Str+9} (You found it on level 1 of the Lair of
                  | Beasts)
  6969 | Lair:1   | Noticed Prince Ribbit
  6998 | Lair:1   | Killed Prince Ribbit
  7238 | Lair:1   | Noticed Grum
  7279 | Lair:1   | Reached skill level 14 in Unarmed Combat
  7358 | Lair:1   | Killed Grum
  7481 | Lair:1   | Reached skill level 5 in Fighting
  7514 | Lair:1   | Reached ***** piety under Wu Jian
  8376 | Lair:2   | Gained mutation: You heal very quickly. [Troll growth]
  8376 | Lair:2   | Reached XP level 12. HP: 100/111 MP: 13/15
  8455 | Lair:2   | Noticed Nergalle
  8473 | Lair:2   | Killed Nergalle
  8731 | Lair:2   | Noticed a seven-headed hydra
  8770 | Lair:2   | Slain by a nine-headed hydra

Skill      XL: |  1  2  3  4  5  6  7  8  9 10 11 12 |
---------------+-------------------------------------+-----
Unarmed Combat | 5 6 7 8 9 11 13 14 | 14.9
Dodging        | 3 4 5 6 7 |  7.1
Stealth        | 1 2 3 4 |  4.5
Fighting       | 3 4 5 |  5.1
Hexes          | 2 3 |  3.1
Spellcasting   | 2 3 |  3.0

Action                   |  1- 3 |  4- 6 |  7- 9 | 10-12 || total
-------------------------+-------+-------+-------+-------++-------
Melee: Unarmed           |    80 |   102 |   251 |   310 ||   743
       Punch             |     1 |     3 |     4 |    18 ||    26
       Headbutt          |       |       |    40 |    62 ||   102
 Cast: Confusing Touch   |     1 |     3 |     5 |    15 ||    24
Invok: Whirlwind         |    15 |    10 |    17 |    46 ||    88
       Lunge             |     8 |     9 |    23 |    18 ||    58
       Heavenly Storm    |       |       |       |     1 ||     1
Evoke: Wand              |       |       |       |     5 ||     5
  Use: Scroll            |       |       |     9 |       ||     9
       Potion            |       |       |     7 |     6 ||    13
 Stab: Sleeping          |     1 |     1 |     8 |     3 ||    13
       Confused          |       |       |     2 |     2 ||     4
       Distracted        |       |       |     1 |     3 ||     4
       Invisible         |       |       |     2 |       ||     2
  Eat: Chunk             |    13 |    21 |    23 |    17 ||    74
Armor: Skin              |    19 |    30 |    42 |    92 ||   183
Dodge: Dodged            |    22 |    42 |    79 |   144 ||   287
